 Seeded DCSS version 0.31-a0-626-g8143ab4f1d (webtiles) character file.

Game seed: 13457127628091589946 (custom seed)

464 Iich the Trooper (level 6, 0/49 HPs)
             Began as a Demonspawn Fighter on Aug 25, 2023.
             Slain by an ogre
             ... wielding a +0 giant club
              (11 damage)
             ... on level 4 of the Dungeon.
             The game lasted 00:06:43 (2757 turns).

Iich the Trooper (Demonspawn Fighter)               Turns: 2757, Time: 00:06:44

Health: 0/49       AC: 14    Str: 18    XL:     6   Next: 80%
Magic:  6/6        EV:  7    Int: 10    God:
Gold:   1435       SH:  6    Dex: 20    Spells: 5/5 levels left

rFire   . . .        a - +0 war axe
rCold   . . .        c - +0 buckler
rNeg    . . .        h - +0 chain mail
rPois   .            (helmet restricted)
rElec   .            (no cloak)
rCorr   .            n - +0 pair of gloves
SInv    .            (no boots)
Will    .....        j - amulet of magic regeneration Stlth
                     g - +6 ring of dexterity
HPRegen 0.28/turn    q - +4 ring of protection
MPRegen 0.50/turn

%: no passive effects
@: weak-willed
A: horns 2, thin skeletal structure 1, demonic magic 1
a: no special abilities


You were on level 4 of the Dungeon.
You visited 1 branch of the dungeon, and saw 4 of its levels.

You collected 1435 gold pieces.

Inventory:

Hand Weapons
 a - a +0 war axe (weapon)
Armour
 b - a +0 scale mail
 c - a +0 buckler (worn)
 h - a +0 chain mail (worn)
 i - a +0 plate armour
 n - a +0 pair of gloves (worn)
Jewellery
 g - a +6 ring of dexterity (left hand)
 j - an amulet of magic regeneration (around neck)
 l - a ring of positive energy
 q - a +4 ring of protection (right hand)
 r - a ring of fire
 N - a ring of positive energy
Scrolls
 f - a scroll of immolation
 k - a scroll of noise
 p - a scroll of enchant weapon
 s - a scroll of vulnerability
 t - 2 scrolls of teleportation
Potions
 d - a potion of might
 e - a potion of berserk rage {unknown}
 m - a potion of haste {unknown}
 o - a potion of attraction {unknown}


   Skills:
 + Level 4.6 Fighting
 + Level 3.6 Axes
 + Level 4.2 Armour
 + Level 4.2 Shields


You had 5 spell levels left.
You didn't know any spells.
Your spell library contained the following spells:

 Spells                   Type           Power      Damage    Failure   Level
 Apportation              Tloc           0%         N/A       99%         1
 Kiss of Death            Conj/Necr      0%         2d5       99%         1
 Necrotise                Necr           0%         1d4       99%         1
 Summon Small Mammal      Summ           0%         N/A       99%         1
 Confusing Touch          Hex            0%         N/A       100%        3
 Inner Flame              Hex/Fire       0%         N/A       100%        3
 Dispel Undead            Necr           0%         3d6       100%        4
 Flame Wave               Conj/Fire      0%         2d4       100%        4
 Sticky Flame             Conj/Fire      0%         2d3       100%        4


Dungeon Overview and Level Annotations

Branches:
Dungeon (4/15)
 Temple: D:4-7

Altars:
Fedhas
Kikubaaqudgha
Qazlal


Innate Abilities, Weirdness & Mutations

You have a pair of horns on your head.
You have a somewhat thin skeletal structure. (Dex +2, Stealth+)
Spells you cast may paralyse adjacent enemies.


Message History

There is an open door here.
There is a stone staircase leading down here.
There is an open door here.
There is an open door here.
Found a stone staircase leading up.
s - 2 scrolls labelled QOMOZ DUWK (gained 1)
There is a stone staircase leading up here.
Found a rapier.
There is an open door here.
No target in view!
No target in view!
As you read the scroll labelled QOMOZ DUWK, it crumbles to dust.
Magic quickly surges around you.
It was a scroll of vulnerability.
Okay, then.
You open the door.
There is an open door here.
There is an open door here.
Found a stone staircase leading up.
An ogre comes into view. It is wielding a +0 giant club.
You block the ogre's attack.
You hit the ogre but do no damage.
The ogre hits you with a +0 giant club!!
Ouch! That really hurt!
You take 25 damage, and have 24/49 hp. !!!!--MASSIVE DAMAGE--!!!!
You slash the ogre! You headbutt the ogre!
The ogre is severely wounded.
The ogre barely misses you.
You hit the ogre.
The ogre is almost dead.
The ogre hits you with a +0 giant club!
* * * LOW HITPOINT WARNING * * *
You take 15 damage, and have 10/49 hp. !!!!--MASSIVE DAMAGE--!!!!
You barely miss the ogre.
You headbutt the ogre, but do no damage.
The ogre is almost dead.
You block the ogre's attack.
You barely miss the ogre.
The ogre is almost dead.
The ogre hits you with a +0 giant club!
You die...

.....##########.....#
....................#
....................######
#######'##########.......#
.................'.......#
.................#.......#
...........).....#.......#
#####'############.......#
...............O@........#
.........................#
.........................#
.........................#
.................<.......#
..###+##########'###.....#
..# ... .....# ..# ...
.....


You could see an ogre.

Vanquished Creatures
  Sigmund (D:3)
  An ogre (D:3)
  A hound (D:3)
  Jessica (D:2)
  6 adders
  A worm (D:1)
  2 dart slugs (D:1)
  4 orcs (D:4)
  7 endoplasms
  5 giant cockroaches
  15 goblins
  8 hobgoblins
  4 jackals (D:3)
  12 kobolds
  3 quokkas
  4 ball pythons
  8 bats
  4 frilled lizards
  5 rats
92 creatures vanquished.

Notes
Turn   | Place    | Note
-------+----------+-------------------------------------------
     0 | D:1      | Iich the Demonspawn Fighter began the quest for the Orb.
     0 | D:1      | Reached XP level 1. HP: 18/18 MP: 1/1
    85 | D:1      | Gained mutation: You have a pair of small horns on your
                  | head. [demonic ancestry]
    85 | D:1      | Reached XP level 2. HP: 24/24 MP: 2/2
   448 | D:1      | Gained mutation: You have a pair of horns on your head.
                  | [demonic ancestry]
   448 | D:1      | Reached XP level 3. HP: 29/29 MP: 3/3
   621 | D:2      | Noticed Jessica
   934 | D:2      | Killed Jessica
   935 | D:2      | Reached XP level 4. HP: 35/35 MP: 4/4
  1425 | D:3      | Noticed Sigmund
  1490 | D:3      | Killed Sigmund
  1491 | D:3      | Gained mutation: You have a somewhat thin skeletal
                  | structure. (Dex +2, Stealth+) [demonic ancestry]
  1491 | D:3      | Reached XP level 5. HP: 41/42 MP: 5/5
  1491 | D:3      | Gained mutation: Spells you cast may paralyse adjacent
                  | enemies. [demonic ancestry]
  1491 | D:3      | Reached XP level 6. HP: 47/48 MP: 6/6
  1602 | D:3      | Identified a scroll of acquirement
  1602 | D:3      | Acquired 1263 gold pieces
  2314 | D:4      | Found a stormy altar of Qazlal.
  2663 | D:4      | Found an ancient bone altar of Kikubaaqudgha.
  2671 | D:4      | Found a blossoming altar of Fedhas.
  2757 | D:4      | Slain by an ogre

Illustrated notes

Levels and vault maps discovered:
D:1:      saegor_arrival_simple_a, layout_rooms
D:2:      layout_loops_ring, st_stairs_14, feat_on_display, uniq_jessica
D:3:      layout_basic, grunt_ministairs_2, minmay_ogre_servants, uniq_sigmund
D:4:      layout_gridville, nicolae_overflow_hidden_temple,
          kennysheep_generic_room_7

Skill      XL: |  1  2  3  4  5  6 |
---------------+-------------------+-----
Axes           | 2 3 |  3.6
Shields        | 3 4 |  4.2
Armour         | 3 4 |  4.2
Fighting       | 4 |  4.6

Action                     |  1- 3 |  4- 6 || total
---------------------------+-------+-------++-------
  Melee: War axe           |    72 |   130 ||   202
         Headbutt          |     8 |    21 ||    29
    Use: Scroll            |     3 |     4 ||     7
         Potion            |       |     1 ||     1
 Armour: Scale mail        |    35 |       ||    35
         Chain mail        |       |    63 ||    63
  Dodge: Dodged            |    41 |    46 ||    87
  Block: Buckler           |    20 |    35 ||    55

Table legend: (Time is in decaauts)
 A = Elapsed time spent in this place.
 B = Non-inter-level travel time spent in this place.
 C = Inter-level travel time spent in this place.
 D = Time resting spent in this place.
 E = Time spent auto-exploring this place.
 F = Levels seen in this place.
 G = Mean time per level.
                   A        B        C        D        E       F      G
               +--------+--------+--------+--------+--------+-----+--------+
         Total |   2839 |   2758 |     81 |    623 |   1482 |   4 |  709.8 |
       Dungeon |   2839 |   2758 |     81 |    623 |   1482 |   4 |  709.8 |
               +--------+--------+--------+--------+--------+-----+--------+

Top non-repeatable levels by time:
     D:3: 836 daAuts
     D:1: 830 daAuts
     D:2: 608 daAuts
     D:4: 563 daAuts
